 Dungeon Crawl Stone Soup version 0.22-a0-181-gb22368a (webtiles) character file.

15 vishdafish the Charmwright (level 2, -3/22 HPs)
             Began as a Demonspawn Skald on Feb 15, 2018.
             Slain by a worm (9 damage)
             ... on level 1 of the Dungeon.
             The game lasted 00:00:54 (666 turns).

vishdafish the Charmwright (Demonspawn Skald)        Turns: 666, Time: 00:00:55

Health: -3/22      AC:  3    Str: 11    XL:     2   Next: 34%
Magic:  2/5        EV: 12    Int: 14    God:
Gold:   23         SH:  0    Dex: 12    Spells: 4/5 levels left

rFire    . . .     SeeInvis .   a - +0 falchion
rCold    . . .     Gourm    .   (no shield)
rNeg     . . .     Faith    .   b - +0 leather armour
rPois    .         Spirit   .   (no helmet)
rElec    .         Reflect  .   (no cloak)
rCorr    .         Harm     .   (no gloves)
MR       .....                  (no boots)
Stlth    +.........             (no amulet)
HPRegen  0.07/turn              (no ring)
MPRegen  0.09/turn              (no ring)

@: infused
A: claws 1
a: no special abilities


You were on level 1 of the Dungeon.
You were not hungry.

You visited 1 branch of the dungeon, and saw 2 of its levels.

You collected 23 gold pieces.

Inventory:

Hand Weapons
 a - a +0 falchion (weapon)
Armour
 b - a +0 leather armour (worn)
Scrolls
 e - a scroll of teleportation {unknown}
 f - a scroll of enchant weapon {unknown}
 g - a scroll of remove curse {unknown}
Potions
 h - a potion of heal wounds {unknown}
Books
 c - a book of Battle

   Spells                             Type                      Level
   a - Infusion                       Charms                       1
   b - Shroud of Golubria             Charms/Translocation         2
   c - Song of Slaying                Charms                       2
   d - Spectral Weapon                Hexes/Charms                 3
   e - Regeneration                   Charms/Necromancy            3
Comestibles
 d - 4 rations


   Skills:
 + Level 2.1 Fighting
 * Level 2.1 Long Blades
 + Level 1.0 Armour
 + Level 2.0 Dodging
 + Level 2.1 Spellcasting
 + Level 2.7 Charms


You had 4 spell levels left.
You knew the following spells:

 Your Spells              Type           Power        Failure   Level  Hunger
a - Infusion              Chrm           #...         10%         1    ##.....


Dungeon Overview and Level Annotations

Branches:
Dungeon (2/15)

Altars:
Gozag


Innate Abilities, Weirdness & Mutations

You have sharp fingernails.


Message History

Your Dodging skill increases to level 2!
A kobold comes into view.
Unknown command.
The worm closely misses you.
There is a stone staircase leading up here.
You hit the worm.
The worm is moderately wounded.
You hit the worm.
The worm is heavily wounded.
The worm bites you.
Your leather armour prevents you from hitting the worm.
The worm is heavily wounded.
The worm bites you!
* * * LOW HITPOINT WARNING * * *
A goblin comes into view. It is wielding a dagger.
The goblin shouts!
You climb upwards.
There is a stone staircase leading down here.
The worm bites you!
You die...

#.#..............#
#.#.############.#
#.#............#..
#####.#.##########.#.[
#######.....#.#........#.#..
#...........#.#.###....#.#..
#...........#.#.#.#.#..#.#.#
#...........#.#.#.#.####.#.#
#.........w@................
#######.....#.#...#.#.#.....
#######.#####.#.#.....
#.............#.#.)...
#...........###.#.....
#...........###....#.#
#...........#....###.(
#...........#.........
#...........#....###..


You could see a worm.

Vanquished Creatures
  A bat (D:1)
  2 goblins (D:1)
  4 hobgoblins
  2 frilled lizards (D:1)
  3 kobolds (D:1)
  3 rats (D:1)
15 creatures vanquished.

Notes
Turn   | Place    | Note
-------+----------+-------------------------------------------
     0 | D:1      | vishdafish the Demonspawn Skald began the quest for the Orb.
     0 | D:1      | Reached XP level 1. HP: 16/16 MP: 3/3
   194 | D:1      | Reached skill level 1 in Armour
   320 | D:1      | Gained mutation: You have sharp fingernails. [demonic ancestry]
   320 | D:1      | Reached XP level 2. HP: 20/22 MP: 1/5
   654 | D:2      | Found an opulent altar of Gozag.
   666 | D:1      | Slain by a worm

Vault maps used:
D:1:      minmay_arrival_radiant_lines
D:2:      overflow_temple_1_default, uniq_natasha

Skill      XL: |  1  2 |
---------------+-------+-----
Long Blades    | 2 |  2.1
Armour         | 1 |  1.0
Dodging        | 2 |  2.0
Fighting       | |  2.1
Spellcasting   | |  2.1
Charms         | |  2.7

Action                   || total
-------------------------++-------
Melee: Falchion          ||    47
 Cast: Infusion          ||     3
Armor: Leather armour    ||     7
Dodge: Dodged            ||    30
       Rpst.: Falchion   ||     8

Table legend:
 A = Spawn XP
 B = Non-spawn XP
 C = Spawn XP percentage of total XP
 D = Spawn monster count
 E = Non-spawn monster count
 F = Spawn count percentage of total count
 G = Total turns spent on level
                    A         B        C        D         E        F      G
               +---------+---------+-------+---------+---------+-------+---------
         Total |       0 |      22 |   0.0 |       0 |      15 |   0.0 |   666
               +---------+---------+-------+---------+---------+-------+---------
           D:1 |       0 |      20 |   0.0 |       0 |      14 |   0.0 |   655
           D:2 |       0 |       2 |   0.0 |       0 |       1 |   0.0 |    11
               +---------+---------+-------+---------+---------+-------+---------
